[Event "Coimbra Queima Fitas Open 2024"]
[Site "Coimbra"]
[Date "2024.04.25"]
[Round "2.6"]
[White "Grimm, Daniel"]
[Black "Povshednyy, Denis"]
[Result "1-0"]
[ECO "B00"]
[WhiteElo "2296"]
[BlackElo "1845"]
[Annotator "TA"]
[PlyCount "93"]
[EventDate "2024.04.23"]
[EventType "swiss"]
[EventCountry "POR"]
[SourceTitle "playchess.com"]
[Source "ChessBase"]
[SourceQuality "1"]
[TimeControl "5400+30"]

1. e4 Nc6 2. Nf3 f5 3. e5 e6 4. d4 b6 5. c4 Bb4+ 6. Bd2 Qe7 7. Nc3 Bxc3 8. Bxc3 {[%emt 0:00:31] White is better.} (8. bxc3 Bb7 $14) 8... Bb7 9. Qd2 O-O-O 10. Qg5 ({Of course not} 10. d5 $6 exd5 11. O-O-O (11. cxd5 Nxe5 12. Nxe5 d6 $11) 11... dxc4 $11) (10. b4 $16) 10... h6 $14 11. Qxe7 Ngxe7 12. h4 a5 13. a3 Nb8 14. b4 axb4 (14... g5 $142) 15. axb4 $16 d5 (15... d6 $16) 16. exd6 ({White should try} 16. c5 $1 $18) 16... cxd6 17. Be2 Rhe8 (17... Nd7 $16) 18. h5 (18. O-O $1 $18) 18... Ng8 (18... Nd7 $16 {was necessary.}) 19. Rd1 (19. O-O $18) 19... Nf6 20. Kf1 Ne4 21. Bb2 Nd7 {[%emt 0:02:23][%cal Bb8d7,Bd7f6,Bf6e4][%mdl 32] [#]} 22. Nd2 (22. d5 $1 $16) 22... Ndf6 23. Nxe4 Nxe4 24. Rh3 Kc7 25. f3 Ng5 26. Rh1 Ra8 27. Kf2 Ra2 {[%emt 0:01:01] [#] White now steadily converts the win.} ({Black should play} 27... Nh7 $14) 28. Rd2 $1 Rea8 29. Rc1 Kd7 (29... R8a4 $16) 30. d5 $18 exd5 31. cxd5 Bxd5 32. Bb5+ {[%emt 0:01:27] This pair of bishops is nice.} ({And not} 32. Rxd5 Rxb2 33. Kf1 Rxb4 $15) 32... Ke6 33. Rc7 {[%emt 0:03:20] aiming for Re2+.} ({Much less strong is} 33. Re2+ Kf7 34. Rc7+ Kf8 35. Bxg7+ Kg8 $18) 33... Rxb2 34. Rxb2 {[%emt 0:00:43] White is clearly winning.} Kf6 35. Rd2 Ra2 36. Rxa2 Bxa2 {[%emt 0:00:02][%mdl 4096] Endgame. KRB-KBN} 37. Rc6 Ke5 38. Rxb6 Bf7 39. Be2 f4 40. b5 Bxh5 41. Rb8 {[%emt 0:00:06] b6 is the strong threat.} Ne6 42. b6 {[%emt 0:00:22] White wants to mate with Rc8.} Nc5 43. Rc8 {[%emt 0:00:22][%cal Oc8c5] White threatens Rxc5+! and mate.} Nb7 44. Rc7 Nd8 45. b7 (45. Rd7 $142 Kd5 46. Rxd8) 45... Nxb7 46. Rxb7 g5 47. Rh7 {[%emt 0:00:34] Weighted Error Value: White=0.18 (very precise) /Black=0.43.  Mistake:       	White=5     	Black=6      Inaccurate:     	White=1     	Black=8      OK:         	White=14    	Black=6      Strong:       	White=1     	---} 1-0

[Event "Coimbra Queima Fitas Open 2024"]
[Site "Coimbra"]
[Date "2024.04.25"]
[Round "2.7"]
[White "Ledas, Armandas"]
[Black "Iglesias Ferreira, Andres Agustin"]
[Result "1-0"]
[ECO "B23"]
[WhiteElo "1851"]
[BlackElo "2261"]
[Annotator "TA"]
[PlyCount "24"]
[EventDate "2024.04.23"]
[EventType "swiss"]
[EventCountry "POR"]
[SourceTitle "playchess.com"]
[Source "ChessBase"]
[SourceQuality "1"]
[TimeControl "5400+30"]

1. e4 c5 2. Nc3 d6 3. f4 Nf6 4. Nf3 g6 5. Bc4 Bg7 6. O-O O-O 7. d3 Nc6 8. Qe1 Bg4 {[%emt 0:00:44] [#]} 9. f5 $1 Bxf3 10. Rxf3 Nd4 11. Rh3 $1 e6 (11... gxf5 $2 12. Qh4 e6 13. Bg5 $18) 12. Qh4 {[%emt 0:06:52] Hoping for Bg5.} Nh5 $1 {[%emt 0:00:26][%mdl 32768] A rather calm draw.   Weighted Error Value: White=0.07 (flawless) /Black=0.04 (flawless) .  Inaccurate:     	White=1     	---        OK:         	White=1     	Black=3      Strong:       	White=1     	Black=1     . Loss on time!?} ({But not} 12... Nxc2 $6 13. fxe6 (13. Bg5 h6 $11) 13... fxe6 14. Bxe6+ Kh8 15. Bg5 $16) (12... exf5 $2 {perishes.} 13. Bg5 h6 14. Nd5 (14. Bxh6 Nh5 $14) 14... Nxd5 (14... hxg5 15. Nxf6+ Bxf6 16. Qh7#) (14... Ne2+ $2 15. Kh1 $18) 15. Bxd8 $18) 1-0

[Event "Coimbra Queima Fitas Open 2024"]
[Site "Coimbra"]
[Date "2024.04.25"]
[Round "2.8"]
[White "Povshednyi, Ivan"]
[Black "Bras, Hugo Miguel Pereira"]
[Result "1-0"]
[ECO "B14"]
[WhiteElo "2249"]
[BlackElo "1827"]
[Annotator "TA"]
[PlyCount "59"]
[EventDate "2024.04.23"]
[EventType "swiss"]
[EventCountry "POR"]
[SourceTitle "playchess.com"]
[Source "ChessBase"]
[SourceQuality "1"]
[TimeControl "5400+30"]

1. c4 c6 2. e4 d5 3. exd5 cxd5 4. d4 Nf6 5. Nc3 e6 6. Nf3 Be7 7. Bd3 dxc4 8. Bxc4 Nbd7 9. O-O O-O 10. Bg5 Nb6 11. Bd3 Nfd5 12. Bxe7 Qxe7 13. Be4 Rd8 {[%emt 0:11:26] The position is equal.} 14. Re1 Nf6 15. Qe2 Nbd5 16. Ne5 Nxe4 17. Qxe4 Nf6 18. Qf4 Qf8 19. Qh4 Bd7 20. Re3 Be8 21. Rf3 Bc6 22. Rg3 Kh8 23. Re1 Rd6 24. Ree3 Rad8 25. Rd3 a6 26. h3 Bd5 $2 {[%mdl 8192] [#]} (26... Ng8 $11) 27. Rxg7 $3 $18 Qxg7 28. Rg3 {[%emt 0:00:26] Active counter play!} Qxg3 $2 (28... h6 29. Rxg7 Kxg7 30. Qg3+ Kf8) 29. fxg3 Ne8 30. Nxf7+ {Weighted Error Value: White=0.07 (flawless) /Black=0.40.  Loses game:     	---       	Black=1      Mistake:       	---       	Black=1      Inaccurate:     	White=1     	Black=2      OK:         	White=6     	Black=4      Best:        	---       	Black=1      Brilliant:      	White=1     	---} (30. Qe7 $142 Ng7 31. Nxf7+ Kg8 32. Nxd8 (32. Nxd6 Rf8 $18) 32... Rxd8 33. Qxd8+ Kf7 34. Nxd5 exd5 35. Qxd5+ Ke8 36. Qg8+ (36. Qxb7 Kf8 $18) 36... Kd7 37. Qxg7+ Ke6 38. Qxb7) 1-0

[Event "Coimbra Queima Fitas Open 2024"]
[Site "Coimbra"]
[Date "2024.04.25"]
[Round "2.9"]
[White "Asvestopoulou, Evdokia"]
[Black "Ribeiro, Gustavo Martins Sant"]
[Result "0-1"]
[ECO "E12"]
[WhiteElo "1835"]
[BlackElo "2226"]
[Annotator "RC"]
[PlyCount "86"]
[EventDate "2024.04.23"]
[EventType "swiss"]
[EventCountry "POR"]
[SourceTitle "playchess.com"]
[Source "ChessBase"]
[SourceQuality "1"]
[TimeControl "5400+30"]

1. d4 Nf6 2. c4 e6 3. Nf3 b6 4. a3 Bb7 5. g3 c5 6. Bg2 cxd4 7. O-O Be7 8. Qxd4 Nc6 9. Qd3 O-O 10. Nc3 d6 11. Bf4 Rc8 12. Rfd1 e5 13. Be3 Na5 14. Nd2 Bxg2 15. Kxg2 Qc7 16. Nd5 Nxd5 17. cxd5 f5 18. b4 Nc4 19. Nxc4 e4 20. Qb3 Qxc4 21. Qxc4 Rc6 22. Qc5 Rxc5 23. Rdc1 Rc4 24. Rc2 Rfc8 25. Rxc4 Rxc4 26. b5 Ra4 27. Ra2 Kf8 28. f4 g6 29. Kf2 Ke8 30. Ke1 Bf6 31. Bd2 Bd4 32. e3 Bc5 33. Bc1 Rc4 34. Bd2 Ra4 35. Bc1 h6 36. Kd1 g5 37. h4 Kf7 38. h5 a6 39. bxa6 gxf4 40. gxf4 Rxa6 41. a4 Ra8 42. Ke1 Rg8 43. Ba3 Bxe3 0-1

[Event "Coimbra Queima Fitas Open 2024"]
[Site "Coimbra"]
[Date "2024.04.25"]
[Round "2.10"]
[White "Garcia Dorado, Alberto"]
[Black "Guerra, Jose Goulart De Varg"]
[Result "1/2-1/2"]
[ECO "D35"]
[WhiteElo "2218"]
[BlackElo "1813"]
[Annotator "TA"]
[PlyCount "154"]
[EventDate "2024.04.23"]
[EventType "swiss"]
[EventCountry "POR"]
[SourceTitle "playchess.com"]
[Source "ChessBase"]
[SourceQuality "1"]
[TimeControl "5400+30"]

1. d4 Nf6 2. c4 e6 3. Nc3 d5 4. cxd5 Nxd5 5. e4 Nxc3 6. bxc3 c5 7. Rb1 $1 {[%emt 0:00:13][%mdl 4] is more profitable than 7.Nf3 at the moment.} cxd4 {[%emt 0:00:12] D35: Queen's Gambit Declined: Exchange Variation.} 8. cxd4 e5 9. d5 Bd6 $146 ({Predecessor:} 9... Bc5 10. Nf3 O-O 11. Be2 Nd7 12. O-O Qe7 13. Bg5 f6 14. Bd2 Bd6 15. Be3 Nc5 {1-0 Tregubov,P (2579)-Swiercz,D (2649) Titled Tuesday intern Qual4 25th April blitz 2017 (7)}) 10. Nf3 O-O 11. Bc4 b6 12. O-O Bg4 13. h3 Bxf3 14. Qxf3 Qh4 15. Bb5 g6 16. g4 Rd8 17. Qg3 Qxg3+ 18. fxg3 a6 19. Ba4 b5 20. Bd1 Nd7 21. Be3 Rdc8 22. Rf3 (22. Kg2 $11) 22... Bc5 ({Black should try} 22... Rc4 $17 23. Bb3 Rxe4) 23. a4 $11 Rab8 24. axb5 axb5 25. Bb3 Bxe3+ 26. Rxe3 Nc5 27. Kf2 ({Better is} 27. d6 $11) 27... Ra8 (27... b4 $15) 28. Kf3 Rcb8 29. Rc3 Nxb3 30. Rcxb3 Ra5 31. Ke3 Kf8 32. Kd3 Ke7 33. Rc3 Rb7 34. g5 Ra4 35. Rcb3 Rd4+ 36. Ke3 b4 37. Rc1 Ra7 38. Rcb1 Rb7 39. R1b2 Kd6 40. Rd3 Rc4 41. h4 Rb6 42. Rf2 Ke7 43. d6+ Rxd6 44. Rxf7+ $1 Kxf7 45. Rxd6 Rc3+ 46. Rd3 Rc4 47. Rd7+ Kg8 48. Re7 b3 49. Rb7 $1 Rc3+ 50. Kf2 Rc2+ 51. Kf3 b2 52. Kg4 Re2 53. Kf3 Rc2 54. Ke3 Kf8 55. Kd3 Rg2 56. Kc4 Rd2 57. Kc3 Rd4 58. Rxb2 (58. Rxh7 {leads to mate.} b1=Q (58... b1=B $2 59. Rh8+ Kf7 60. g4 $19) 59. Rh8+ Kg7) 58... Rxe4 59. Kd3 Rg4 60. Rg2 $1 Ke7 61. Ke3 Kd6 62. Rd2+ Ke7 63. Kf3 Ra4 64. Rb2 Ra3+ 65. Ke4 Rxg3 66. Kxe5 Re3+ 67. Kf4 Rd3 68. Rb8 Rd7 69. Rh8 Ke6 70. Kg4 Rd4+ 71. Kg3 Rd3+ 72. Kf2 $1 Rd7 73. Kg3 Rd3+ 74. Kf4 Rd4+ 75. Kg3 Rd3+ 76. Kf4 Rd4+ 77. Kg3 Rd3+ 1/2-1/2

[Event "Coimbra Queima Fitas Open 2024"]
[Site "Coimbra"]
[Date "2024.04.25"]
[Round "2.11"]
[White "Pinto, Jose Joao Meireles A"]
[Black "Farias, David Nuno Moita Est"]
[Result "1-0"]
[ECO "B21"]
[WhiteElo "1829"]
[BlackElo "2194"]
[Annotator "TA"]
[PlyCount "47"]
[EventDate "2024.04.23"]
[EventType "swiss"]
[EventCountry "POR"]
[SourceTitle "playchess.com"]
[Source "ChessBase"]
[SourceQuality "1"]
[TimeControl "5400+30"]

1. e4 c5 2. d4 cxd4 3. c3 Nf6 4. e5 Nd5 5. cxd4 d6 6. Nf3 Nc6 7. Bc4 e6 8. O-O Be7 9. Nc3 Nxc3 10. bxc3 dxe5 11. Nxe5 Nxe5 {[%emt 0:03:45] The position is equal.} 12. dxe5 Bd7 13. Qg4 Kf8 14. Rd1 Qc7 15. Be3 h5 16. Qe2 g6 17. Bb5 Bc6 18. Qc4 Kg7 19. Bxc6 bxc6 20. Bc5 Rhd8 {[%emt 0:05:32] Wards off Bd6} 21. Bxe7 Qxe7 22. Qxc6 Rac8 23. Qf3 Rc5 $2 {[%emt 0:02:37][%mdl 8192] [#]} (23... Qg5 $11) 24. Qf6+ $1 {[%emt 0:00:20][%mdl 512] Weighted Error Value: White=0.11 (very precise) /Black=0.54.  Loses game:     	---       	Black=1      Inaccurate:     	White=3     	Black=3      OK:         	White=7     	Black=4      Brilliant:      	White=1     	---} 1-0

[Event "Coimbra Queima Fitas Open 2024"]
[Site "Coimbra"]
[Date "2024.04.25"]
[Round "2.12"]
[White "Ermida, Ricardo Carreira Das"]
[Black "Pinsach Gelabert, Alexandre"]
[Result "1/2-1/2"]
[ECO "B53"]
[WhiteElo "1825"]
[BlackElo "2169"]
[Annotator "TA"]
[PlyCount "146"]
[EventDate "2024.04.23"]
[EventType "swiss"]
[EventCountry "POR"]
[SourceTitle "playchess.com"]
[Source "ChessBase"]
[SourceQuality "1"]
[TimeControl "5400+30"]

1. e4 c5 2. Nf3 d6 3. d4 cxd4 4. Qxd4 Nc6 5. Bb5 Bd7 6. Bxc6 Bxc6 7. Nc3 Nf6 8. Bg5 e6 9. O-O-O Be7 10. Rhe1 O-O 11. e5 dxe5 {[%emt 0:04:27] B53: Sicilian: 2...d6: Lines with Qxd4.} 12. Nxe5 Qxd4 13. Rxd4 Rfc8 14. Nxc6 Rxc6 15. Ne4 Rac8 16. Re2 e5 17. Rd1 $146 ({Predecessor:} 17. Rd3 Kf8 18. Nxf6 Bxf6 19. Bxf6 Rxf6 20. Rd7 Rb8 21. a4 Re6 22. Re3 g5 23. g4 {½-½ Delgado Crespo,M (2296)-Rogule,L (2309) Olympiad Women-37 2006 (10)}) 17... b5 18. Nxf6+ gxf6 19. Be3 R8c7 20. Rd5 a6 21. a3 Kg7 22. Kd1 Re6 23. Bd2 Bc5 24. Ba5 Rc8 25. f3 Bd4 26. c3 Bg1 27. h3 Kg6 28. Ke1 Bc5 29. Re4 h5 30. Bb4 Bb6 31. a4 Rd8 32. Rxd8 Bxd8 33. axb5 axb5 ({Much worse is} 33... f5 $6 34. Rc4 $16) 34. Bc5 Ba5 35. Re2 f5 36. Rd2 Bb6 37. Bxb6 Rxb6 38. Rd5 Kf6 39. Rc5 h4 40. Ke2 Rb8 41. Kf2 b4 42. c4 Rd8 43. Ke2 Rg8 44. Kf2 Rd8 45. Ke2 Rg8 46. Kf2 Ra8 47. Rb5 Ra4 48. Rb6+ Kg5 (48... Ke7 $11) 49. c5 (49. Ke3 $16) 49... Ra5 $11 50. Rxb4 (50. c6 $5 Rc5 $8 51. Ke3 $11 (51. Rxb4 Rxc6 52. f4+ exf4 $11)) 50... Rxc5 51. Kf1 Rc1+ 52. Kf2 Rc2+ 53. Kf1 f6 54. Kg1 f4 55. Rb5 Kf5 56. Rb4 Ke6 57. Rb6+ Ke7 58. Kf1 Rd2 59. Rb7+ Kd6 60. Rb6+ Kd5 61. Rxf6 Rxb2 62. Ra6 Rd2 63. Ra4 Rc2 64. Rb4 Rc1+ 65. Kf2 Rc2+ 66. Kf1 Rc4 67. Rxc4 Kxc4 68. Ke2 Kc3 69. Ke1 Kd3 70. Kd1 Ke3 71. Ke1 Kd3 72. Kd1 Ke3 73. Ke1 Kd3 1/2-1/2

[Event "Coimbra Queima Fitas Open 2024"]
[Site "Coimbra"]
[Date "2024.04.25"]
[Round "2.13"]
[White "Dias, Ivo Rodrigues"]
[Black "Rocha, Miguel Feio Guimarae"]
[Result "1-0"]
[ECO "B90"]
[WhiteElo "2145"]
[BlackElo "1800"]
[Annotator "TA"]
[PlyCount "59"]
[EventDate "2024.04.23"]
[EventType "swiss"]
[EventCountry "POR"]
[SourceTitle "playchess.com"]
[Source "ChessBase"]
[SourceQuality "1"]
[TimeControl "5400+30"]

1. e4 c5 2. Nf3 d6 3. d4 cxd4 4. Nxd4 Nf6 5. Nc3 a6 6. Be3 e5 7. Nb3 Be6 8. f3 Be7 9. Qd2 h5 10. Nd5 Nxd5 11. exd5 Bf5 12. Be2 Nd7 13. O-O O-O {[%emt 0:03:40] White has an edge.} 14. Na5 Qc7 15. c4 Bf6 (15... Nf6 $11 {should be considered.}) 16. Rac1 $16 b6 17. Nc6 Nb8 (17... Rfe8 $14) 18. Nxb8 (18. g4 $6 Nxc6 19. gxf5 (19. dxc6 hxg4 20. fxg4 Be4 $15) 19... Nd4 $11) ({Better is} 18. f4 $1 $16 {[%cal Rf4e5] Black must now prevent fxe5.} Nxc6 19. fxe5 (19. dxc6 Be4 $11) 19... Nxe5 20. Rxf5) 18... Raxb8 $14 19. f4 {[%emt 0:00:29] aiming for fxe5.} exf4 20. Rxf4 Bg6 {[%emt 0:00:27] [#]} 21. Rxf6 $1 gxf6 22. Bd4 $1 {[%emt 0:00:03] White is more active.} Kh7 {[%emt 0:08:10] [#] Prevents Qh6+.} (22... Qe7 $16 {keeps fighting.}) 23. Bxf6 {[%emt 0:00:56] Black is weak on the dark squares} (23. Bxh5 $1 $18 {[%cal Oc1c3] Strongly threatening Rc3!} Rbe8 (23... Bxh5 24. Qd3+ Bg6 25. Qh3+ Kg7 26. Qh4 $18) 24. Bxf6 Qc5+ (24... Bxh5 25. Qg5 Qc5+ 26. Kh1) 25. Bd4) 23... Rfe8 $2 {[%emt 0:01:12] [#]} (23... Rg8 $16) 24. Bxh5 $1 $18 {[%emt 0:01:59][%mdl 512] A strong pair of Bishops.} Qc8 {[%emt 0:03:18] Dodges Bg4} (24... Bxh5 25. Qg5 Qc5+ 26. Kh1) (24... Qd7 25. Bf3) 25. Bf3 Qf5 26. Qd4 {[%emt 0:00:27] White threatens Qh4+ and mate.} Bh5 $2 (26... Re4 27. Bxe4 (27. Qxe4 Qxf6 28. Qe2 Kg7 $18) 27... Qxe4) 27. Qh4 Kg6 28. Rf1 Bxf3 29. Rxf3 {[%emt 0:00:25] White wants to mate with Rg3+.} Qb1+ 30. Rf1 {[%emt 0:00:10] Weighted Error Value: White=0.10 (very precise) /Black=0.64.  Mistake:       	White=2     	Black=5      Inaccurate:     	---       	Black=1      OK:         	White=8     	Black=3      Best:        	White=1     	Black=1      Strong:       	White=1     	---        Brilliant:      	White=2     	---} 1-0

[Event "Coimbra Queima Fitas Open 2024"]
[Site "Coimbra"]
[Date "2024.04.25"]
[Round "2.14"]
[White "Paiva, Manuel Maria Fonseca"]
[Black "Monteiro, Paulo Alexandre Gome"]
[Result "1-0"]
[ECO "C05"]
[WhiteElo "1807"]
[BlackElo "2122"]
[Annotator "TA"]
[PlyCount "81"]
[EventDate "2024.04.23"]
[EventType "swiss"]
[EventCountry "POR"]
[SourceTitle "playchess.com"]
[Source "ChessBase"]
[SourceQuality "1"]
[TimeControl "5400+30"]

1. e4 e6 2. d4 d5 3. Nd2 Nf6 4. e5 Nfd7 5. Bd3 c5 6. c3 b6 7. Ne2 Ba6 8. Bc2 Nc6 9. Nf3 Be7 10. O-O O-O {[%emt 0:12:10] White is slightly better.} 11. Re1 Rc8 12. Nf4 b5 ({Black should play} 12... Re8 $14) 13. a3 {[%emt 0:10:57] White is more active.} (13. Qd2 $16) 13... cxd4 $14 14. Qd3 g6 15. cxd4 (15. Nxd4 Ndxe5 (15... Ncxe5 16. Qh3 $15) 16. Qd1 Nxd4 17. Qxd4 Nc6 $17) 15... Qb6 $1 16. h4 b4 17. Qd1 Rfe8 ({Black should try} 17... bxa3 $11 18. bxa3 Qd8) 18. Be3 $36 {[%emt 0:09:27][%mdl 2048] White is really pushing.} Nf8 ({Better is} 18... bxa3 19. bxa3 Na5) 19. h5 Rc7 (19... Na5 $16 {was called for.}) 20. hxg6 fxg6 {[%emt 0:00:32] [#]} 21. Nh2 $1 Nd8 (21... Na5 $16 {was worth a try.}) 22. Ng4 Nf7 23. Nf6+ Bxf6 24. exf6 Rec8 {[%emt 0:01:58] [#]} (24... Nd7 $16 25. Bxg6 hxg6) 25. Bb1 $1 $18 bxa3 26. Rxa3 Bc4 27. Qg4 Qb4 $2 (27... Nh8 28. Bd3 Qxb2) 28. Rc3 Nh6 29. Qg5 Nf5 (29... Nf7 $142 30. Qg4 Nh6) 30. Bc1 Bb5 (30... Qb6 $142 31. Bxf5 exf5) 31. Bxf5 {[%emt 0:04:56][%cal Rf4g6] Intending Nxg6! and mate.} (31. Nxe6 Rxc3 (31... Nxe6 $2 32. Rxe6 Rxc3 33. Bd2 $18) 32. Bd2 (32. Bxf5 Rg3 $16) 32... h6 $18 (32... Nxd4 $2 33. Nxd4 Qxd4 34. bxc3 $18) (32... Nxe6 $2 33. Rxe6 Qxd4 34. Bxc3 $18)) 31... Rxc3 32. Bd2 (32. Bxe6+ Nxe6 33. bxc3 (33. Nxe6 R3c6 $18) 33... Nxg5 $18) (32. Nxe6 Rg3 (32... Rxc1 $2 33. Rxc1 h6 34. Bxg6 $18) 33. f7+ (33. fxg3 $2 Qxe1+ 34. Kh2 Rxc1 $19) 33... Kxf7 $16) 32... Qxb2 33. Nxg6 hxg6 34. Bxe6+ Nxe6 35. Qxg6+ ({Less strong is} 35. Rxe6 Qb1+ 36. Re1 Qf5 37. f7+ Kxf7 (37... Qxf7 38. Bxc3 Qf5 39. Qg3 $16) 38. Qe7+ Kg8 39. Bxc3 Qd7 $16 (39... Rxc3 40. Qd8+ Qf8 41. Qxd5+ Kg7 42. Qxb5 $18)) 35... Kh8 36. Qh6+ Kg8 37. f7+ {[%emt 0:00:03] White mates.} Kxf7 38. Qxe6+ Kg7 39. Bh6+ Kh7 40. Qf7+ Kxh6 41. Qf6+ {[%emt 0:00:32] Weighted Error Value: White=0.08 (flawless) /Black=0.58.  Mistake:       	White=1     	Black=9      Inaccurate:     	White=2     	---        OK:         	White=10    	Black=6      Best:        	White=1     	Black=2      Strong:       	White=1     	Black=1} 1-0

[Event "Coimbra Queima Fitas Open 2024"]
[Site "Coimbra"]
[Date "2024.04.25"]
[Round "2.15"]
[White "Gama, Edivaldo Pereira Da"]
[Black "Bittner, Titus Teodor"]
[Result "1-0"]
[ECO "B20"]
[WhiteElo "2109"]
[BlackElo "1785"]
[Annotator "TA"]
[PlyCount "145"]
[EventDate "2024.04.23"]
[EventType "swiss"]
[EventCountry "POR"]
[SourceTitle "playchess.com"]
[Source "ChessBase"]
[SourceQuality "1"]
[TimeControl "5400+30"]

1. e4 c5 2. Bc4 Nc6 3. Nf3 g6 4. h4 Nf6 5. e5 d5 6. exd6 Qxd6 ({Don't play} 6... exd6 7. O-O $15) 7. Ng5 Ne5 8. Bb5+ {[%emt 0:00:30] Black is better.} Bd7 9. Qe2 Bxb5 10. Qxb5+ Qc6 11. Qxc6+ Nxc6 12. Nc3 a6 13. d3 Nd4 14. Kd1 Bg7 15. Nce4 Nxe4 16. Nxe4 Rc8 17. c3 Ne6 18. Ng5 Nxg5 19. hxg5 f6 20. gxf6 exf6 21. g4 O-O 22. Rh3 f5 23. gxf5 Rxf5 24. Be3 Be5 25. Rh4 {[%emt 0:01:32] [#]} (25. Ke2 $15) 25... b6 (25... Bg3 $1 $17 26. Rc4 (26. fxg3 $2 {too greedy.} Rf1+ 27. Kc2 Rxa1 $19) 26... Bxf2) 26. a4 {[%emt 0:00:38] [#]} (26. Ke2 $11 {keeps the balance.}) 26... a5 (26... Bg3 $1 $17 27. Re4 (27. fxg3 $2 {perishes.} Rf1+ 28. Kc2 Rxa1 $19) 27... Bxf2) 27. Ke2 $1 $11 Re8 28. Re4 Re7 29. Rd1 Bd6 30. Rxe7 Bxe7 {[%emt 0:00:02][%mdl 4096] Endgame. KRB-KRB} 31. d4 g5 32. Rg1 (32. Kd3 $14) 32... Kf7 33. Kd3 ({White should try} 33. dxc5 $11 bxc5 34. Rh1) 33... h5 $15 34. Ke4 Ke6 (34... Kg6 $1 $15) 35. Rd1 cxd4 36. cxd4 Rd5 37. f4 gxf4 38. Bxf4 h4 39. Rc1 {[%emt 0:07:04] Black must now prevent Rc6+.} Rh5 $1 40. Rc6+ Kd7 41. Rxb6 h3 42. Bh2 Bd8 43. Rg6 Rh4+ 44. Ke3 Be7 45. d5 Bc5+ 46. Kf3 Rxa4 47. Rg7+ Ke8 48. Be5 Bd4 49. Rg4 h2 $1 50. Bxh2 {[%emt 0:07:41] And now Bg1 would win.} Rb4 51. d6 Bxb2 {[%emt 0:00:16] ( -> ...Rxg4)} 52. Rg8+ Kd7 53. Ra8 a4 54. Ra7+ Kc8 $2 {[%emt 0:00:13][%mdl 8192] White now steadily converts the win.} (54... Ke6 $11) 55. d7+ {[%emt 0:00:28] White mates.} Kd8 56. Bc7+ Kxd7 57. Ba5+ Kc6 58. Bxb4 Kb5 59. Bf8 Bd4 60. Rb7+ Bb6 61. Ke4 Kc6 62. Rh7 Kb5 63. Kd3 Ba5 64. Rh5+ Ka6 65. Kc4 Bb6 66. Kb4 a3 67. Kxa3 Kb7 68. Kb4 Bc7 69. Kb5 Kc8 70. Kc6 Bd8 71. Rh8 Kb8 72. Bd6+ Ka7 73. Rxd8 {Weighted Error Value: White=0.16 (very precise) /Black=0.27 (precise) .  Loses game:     	---       	Black=1      Mistake:       	White=4     	Black=3      Inaccurate:     	White=2     	Black=5      OK:         	White=18    	Black=10     Best:        	White=1     	Black=3      Strong:       	White=1     	Black=2} 1-0

[Event "Coimbra Queima Fitas Open 2024"]
[Site "Coimbra"]
[Date "2024.04.25"]
[Round "2.16"]
[White "Ferreira, Vasco Capitao Mendes"]
[Black "Novais, Carlos Joao Fernande"]
[Result "0-1"]
[ECO "C74"]
[WhiteElo "1802"]
[BlackElo "2101"]
[Annotator "RC"]
[PlyCount "70"]
[EventDate "2024.04.23"]
[EventType "swiss"]
[EventCountry "POR"]
[SourceTitle "playchess.com"]
[Source "ChessBase"]
[SourceQuality "1"]
[TimeControl "5400+30"]

1. e4 e5 2. Nf3 Nc6 3. Bb5 a6 4. Ba4 d6 5. c3 f5 6. d3 Nf6 7. Nbd2 Be7 8. Qe2 O-O 9. Bb3+ Kh8 10. h3 d5 11. O-O Nh5 12. exd5 Nf4 13. Qd1 Nxd5 14. Nc4 Bf6 15. Re1 Re8 16. h4 b5 17. Ng5 Re7 18. Ne3 Nf4 19. Nf7+ Rxf7 20. Bxf7 Qd7 21. Bb3 Bb7 22. Nf1 Nxg2 23. Kxg2 Nd4+ 24. f3 Nxf3 25. Qxf3 Bxf3+ 26. Kxf3 Qxd3+ 27. Ne3 e4+ 28. Kg2 f4 29. Bc2 f3+ 30. Kg1 Bxh4 31. Rf1 Qd6 32. Bxe4 Qg3+ 33. Kh1 Rf8 34. Bf5 Rxf5 35. Rd1 Qh3+ 0-1

[Event "Coimbra Queima Fitas Open 2024"]
[Site "Coimbra"]
[Date "2024.04.25"]
[Round "2.17"]
[White "Vasconcelos, Paulo Jorge Lopes De"]
[Black "Goncalves, Carlos Manuel Marque"]
[Result "1-0"]
[ECO "B12"]
[WhiteElo "2093"]
[BlackElo "1781"]
[Annotator "NA RC"]
[PlyCount "47"]
[EventDate "2024.04.23"]
[EventType "swiss"]
[EventCountry "POR"]
[SourceTitle "playchess.com"]
[Source "ChessBase"]
[SourceQuality "1"]
[TimeControl "5400+30"]

1. e4 c6 2. d4 d5 3. e5 c5 4. dxc5 Nc6 5. f4 e6 6. Be3 Qa5+ 7. c3 d4 8. b4 Nxb4 9. cxb4 Qxb4+ 10. Qd2 Bxc5 11. Qxb4 Bxb4+ 12. Bd2 Bxd2+ 13. Nxd2 Bd7 14. Ngf3 Ne7 15. Nxd4 Nd5 16. g3 O-O 17. Ne4 f6 18. Nd6 fxe5 19. fxe5 Ne7 20. Bc4 Ng6 21. Nxe6 Nxe5 22. Nxf8+ Nxc4 23. Nxd7 Nxd6 24. O-O 1-0